Match 28853665
Unlisted

Match 28853665
End
Engineer Squad
Selects Airborne Battlegroup
Selects Heavy Machine Gun Paradrop
Heavy Machine Gun Paradrop
Engineer Squad
Construct Barracks
Air Support Center
Heavy Machine Gun Paradrop
Selects Paratrooper Squad Paradrop
Construct Weapon Support Center
M3 Armored Personnel Carrier
Double Sortie
P-47 Dive Bomb
Paratrooper Squad Paradrop
Air Supply
Selects Recon Loiter
P-47 Dive Bomb
Paratrooper Squad Paradrop
Selects Supply Drop
Supply Drop
P-47 Strafing Run
Bazooka Squad
Grasshopper Recon Run
P-47 Dive Bomb
Paratrooper Squad Paradrop
Selects Anti-tank Gun Team Paradrop
Anti-tank Gun Team Paradrop
P-47 Strafing Run
M3 Armored Personnel Carrier
P-47 Strafing Run
Supply Drop
Air Supremacy
Anti-tank Gun Team Paradrop
P-47 Strafing Run
dnjsxorla36
gameing
人老打不动游戏了
Mattfield27
XAPA KENTE
Professionals Only
Guh
raven182
0
0

Comments sign in to comment!

No comments posted yet!